 Dungeon Crawl Stone Soup version 0.29-a0-330-g52719c12eb (webtiles) character file.

Game seed: 3580876259298597826

2276 Aelig the Basher (level 9, -3/68 HPs)
             Began as a Mummy Fighter on May 15, 2022.
             Engulfed by a steam dragon's steam (10 damage)
             ... on level 7 of the Dungeon.
             The game lasted 00:15:05 (8573 turns).

Aelig the Basher (Mummy Fighter)                    Turns: 8573, Time: 00:15:06

Health: -3/68      AC: 12    Str: 23    XL:     9   Next: 16%
Magic:  9/9        EV:  6    Int:  7    God:
Gold:   483        SH:  5    Dex: 12    Spells: 8/8 levels left

rFire   x . .      SeeInvis +   a - +3 mace of the Piercing Gods {vorpal, rElec Will++ rCorr SInv}
rCold   + . .      Faith    .   p - +0 buckler
rNeg    + + +      Spirit   .   n - +0 plate armour
rPois   ∞          Reflect  .   (no helmet)
rElec   +          Harm     .   j - +0 cloak
rCorr   +          Rampage  .   (no gloves)
Will    +++..                   (no boots)
Stlth   ..........              (no amulet)
HPRegen 0.21/turn               (no ring)
MPRegen 0.11/turn               (no ring)

@: about to teleport
A: cold resistance 1, negative energy resistance 3, torment resistance 2, heat
vulnerability 1, in touch with death 1, no potions
a: no special abilities


You were on level 7 of the Dungeon.
You visited 1 branch of the dungeon, and saw 7 of its levels.

You collected 483 gold pieces.

Inventory:

Hand Weapons
 a - the +3 mace of the Piercing Gods (weapon) {vorpal, rElec Will++ rCorr SInv}
   (You found it on level 5 of the Dungeon)

   It inflicts extra damage upon your enemies.
   rElec:     It insulates you from electricity.
   SInv:      It lets you see invisible.
   rCorr:     It protects you from acid and corrosion.
   Will:      It greatly increases your willpower.
 b - a +0 flail
 c - a +2 whip of flaming
Missiles
 h - 150 stones (quivered)
 i - 8 boomerangs
Armour
 j - a +0 cloak (worn)
 n - a +0 plate armour (worn)
 p - a +0 buckler (worn)
Wands
 o - a wand of acid (25)
Scrolls
 d - a scroll of summoning {unknown}
 e - 2 scrolls of fear {unknown}
 f - 2 scrolls of enchant weapon {unknown}
 g - 3 scrolls of identify {unknown}
 k - 2 scrolls of teleportation
 l - a scroll of blinking {unknown}
 m - a scroll of holy word {unknown}
 q - a scroll of vulnerability {unknown}
 r - a scroll of enchant armour {unknown}
 s - a scroll of brand weapon {unknown}


   Skills:
 - Level 5.0 Fighting
 + Level 8.9 Maces & Flails
 + Level 3.8 Armour
 + Level 3.8 Shields


You had 8 spell levels left.
You didn't know any spells.
Your spell library contained the following spells:

 Spells                   Type           Power      Damage    Failure   Level
 Animate Skeleton         Necr           0%         N/A       100%        1
 Apportation              Tloc           0%         N/A       100%        1
 Shock                    Conj/Air       0%         1d3       100%        1
 Summon Small Mammal      Summ           0%         N/A       100%        1
 Swiftness                Air            0%         N/A       100%        3
 Airstrike                Air            0%         N/A       100%        4


Dungeon Overview and Level Annotations

Branches:
Dungeon (7/15)
 Temple: D:4-7

Altars:
Kikubaaqudgha
Okawaru
Qazlal
Ru
Xom
Yredelemnul

Shops:
D:1 (

Annotations:
D:3 1 runed translucent door
D:7 Menkaure


Innate Abilities, Weirdness & Mutations

You are immune to poison.
Your flesh is cold resistant. (rC+)
You are immune to negative energy. (rN+++)
You are immune to unholy pain and torment.
You are vulnerable to heat. (rF-)
You are in touch with the powers of death.
You do not drink.


Message History

Things that are here:
a +0 dagger; a +0 robe You can't drink.
Unknown command.
Okay, then.
You closely miss the steam dragon.
The steam dragon bites you but does no damage.
The steam dragon claws you but does no damage.
You hit the steam dragon.
The steam dragon is lightly wounded.
The steam dragon breathes steam at you. The ball of steam hits you.
The steam scalds you terribly!
You hear a shout!
You hit the steam dragon but do no damage.
The steam dragon is lightly wounded.
You are engulfed in a cloud of scalding steam.
The steam dragon bites you but does no damage.
You block the steam dragon's attack.
The steam dragon bites you but does no damage.
The steam dragon barely misses you.
You barely miss the steam dragon.
The steam dragon is lightly wounded.
The steam dragon bites you. You block the steam dragon's attack.
You barely miss the steam dragon.
The steam dragon is lightly wounded.
The steam dragon barely misses you.
The steam dragon claws you but does no damage.
You closely miss the steam dragon.
The steam dragon is lightly wounded.
You block the steam dragon's attack.
The steam dragon claws you but does no damage.
You completely miss the steam dragon.
The steam dragon is lightly wounded.
The steam dragon breathes steam at you. The ball of steam hits you!
The steam scalds you terribly!
* * * LOW HITPOINT WARNING * * *
As you read the scroll of teleportation, it crumbles to dust.
You feel strangely unstable.
You are engulfed in a cloud of scalding steam.
You die...

...D#............
.................#...#
.................#...#.
............<.........
.....##D..........#.# ...
#.§###.##..#.# .
##..######.#.#
#...#§§§.#..# #...D@§§.'.#
#...#§§§.#..# #.....
#...######...#
#.......##..# .##.....
#......
##..##..#...+....#####
......
#.......+...#....#.... ....
#.......#...#....#....
##'####>########.#....#####
#....##.###..###+####.....#


You could see a steam dragon (catching breath).

Vanquished Creatures
  An unseen horror (D:6)
  A wraith (D:6)
  2 sky beasts
  2 orc warriors
  A black bear (D:5)
  An ogre (D:4)
  A phantom (D:5)
  A kobold brigand (D:7)
  2 scorpions
  2 necrophages
  3 killer bees (D:7)
  An orc priest (D:5)
  5 hounds
  A jelly (D:5)
  5 iguanas
  8 orc wizards
  6 gnolls
  6 adders
  3 shadow imps
  An ufetubus (D:6)
  9 worms
  3 dart slugs
  22 orcs
  6 endoplasms
  2 giant cockroaches (D:4)
  7 goblins
  2 hobgoblins
  4 jackals (D:2)
  3 quokkas
  A ball python (D:3)
  A bat (D:3)
  3 frilled lizards
  A jackal skeleton (D:3)
  3 kobolds (D:7)
  A kobold zombie (D:3)
  8 rats
129 creatures vanquished.

Vanquished Creatures (others)
  An orc wizard (D:4)
  A fungus (D:2)
2 creatures vanquished.

Grand Total: 131 creatures vanquished

Notes
Turn   | Place    | Note
-------+----------+-------------------------------------------
     0 | D:1      | Aelig the Mummy Fighter began the quest for the Orb.
     0 | D:1      | Reached XP level 1. HP: 18/18 MP: 1/1
   306 | D:1      | Reached skill level 2 in Maces & Flails
   307 | D:1      | Reached XP level 2. HP: 24/24 MP: 2/2
   308 | D:1      | Found Xukk's Antique Weapon Boutique.
   913 | D:2      | Found a faded altar of an unknown god.
  1050 | D:2      | Gained mutation: You are in touch with the powers of death.
                  | [Mummy growth]
  1050 | D:2      | Reached XP level 3. HP: 29/29 MP: 3/3
  2035 | D:3      | Found an ancient bone altar of Kikubaaqudgha.
  2036 | D:3      | Found a sacrificial altar of Ru.
  2036 | D:3      | Found an iron altar of Okawaru.
  2037 | D:3      | Found a shimmering altar of Xom.
  2109 | D:3      | Reached skill level 3 in Maces & Flails
  2109 | D:3      | Reached XP level 4. HP: 15/37 MP: 4/4
  2437 | D:3      | Found a runed translucent door.
  2437 | D:3      | Noticed a human
  2440 | D:3      | Found a basalt altar of Yredelemnul.
  3075 | D:4      | Reached XP level 5. HP: 35/42 MP: 5/5
  3162 | D:4      | Reached skill level 4 in Maces & Flails
  3489 | D:4      | Reached XP level 6. HP: 16/49 MP: 6/6
  3784 | D:5      | Entered Level 5 of the Dungeon
  3794 | D:5      | HP: 1/49 [iguana (11)]
  4345 | D:5      | Reached skill level 5 in Fighting
  4345 | D:5      | Reached skill level 5 in Maces & Flails
  4392 | D:5      | Reached XP level 7. HP: 46/56 MP: 7/7
  4569 | D:5      | Identified the +3 mace of the Piercing Gods {vorpal, rElec
                  | Will++ rCorr SInv}
  4585 | D:5      | Reached skill level 6 in Maces & Flails
  5151 | D:5      | Found a stormy altar of Qazlal.
  6138 | D:6      | Reached skill level 7 in Maces & Flails
  6321 | D:6      | Reached XP level 8. HP: 62/62 MP: 8/8
  6358 | D:6      | Noticed an unseen horror
  6652 | D:6      | Killed an unseen horror
  6653 | D:6      | Reached skill level 8 in Maces & Flails
  7951 | D:7      | Reached XP level 9. HP: 41/68 MP: 9/9
  8496 | D:7      | Noticed Menkaure
  8573 | D:7      | Engulfed by a steam dragon's steam

Illustrated notes

Levels and vault maps discovered:
D:1:      dpeg_arrival_long_road, layout_loops_cross, serial_shops, shop
D:2:      cheibrodos_old_hovel, layout_loops_corners,
          dreamdust_ecumenical_altar_grove, minmay_small_reverse_x
D:3:      layout_basic, dk_yredelemnul_ordeal,
          chequers_temple_overflow_statue_of_worship
D:4:      layout_basic
D:5:      minmay_general_purpose_star, layout_basic,
          mainiacjoe_overflow_six_doors_small, nicolae_wormholes
D:6:      layout_gridville
D:7:      layout_gridville, minmay_temple_entry_grid, hangedman_misty_isle,
          uniq_menkaure

Skill      XL: |  1  2  3  4  5  6  7  8 |
---------------+-------------------------+-----
Maces & Flails | 2 3 4 5 7 8 |  8.9
Fighting       | 4 5 |  5.0
Armour         | 3 |  3.8
Shields        | 3 |  3.8

Action                   |  1- 3 |  4- 6 |  7- 9 || total
-------------------------+-------+-------+-------++-------
Melee: Flail             |    81 |    25 |       ||   106
       Whip              |       |   140 |    32 ||   172
       Mace              |       |       |   266 ||   266
Throw: Boomerang         |       |     1 |     1 ||     2
  Use: Scroll            |       |     1 |     1 ||     2
Armor: Chain mail        |    33 |    60 |       ||    93
       Plate armour      |       |    36 |   165 ||   201
Dodge: Dodged            |    26 |    37 |    64 ||   127
Block: Buckler           |    16 |    26 |    52 ||    94

Table legend: (Time is in decaauts)
 A = Elapsed time spent in this place.
 B = Non-inter-level travel time spent in this place.
 C = Inter-level travel time spent in this place.
 D = Time resting spent in this place.
 E = Time spent auto-exploring this place.
 F = Levels seen in this place.
 G = Mean time per level.
                   A        B        C        D        E       F      G
               +--------+--------+--------+--------+--------+-----+--------+
         Total |   8634 |   8417 |    217 |   2895 |   3759 |   7 | 1233.4 |
       Dungeon |   8634 |   8417 |    217 |   2895 |   3759 |   7 | 1233.4 |
               +--------+--------+--------+--------+--------+-----+--------+

Top non-repeatable levels by time:
     D:5: 2212 daAuts
     D:4: 1488 daAuts
     D:6: 1427 daAuts
     D:3: 1263 daAuts
     D:2: 868 daAuts
     D:1: 784 daAuts
     D:7: 588 daAuts
